[Event "Early-Titled-Tuesday-Blitz-August-29-2023"]
[Site "Chess.com"]
[Date "2023.08.29"]
[Round "3"]
[White "jimmy-schlumpf"]
[Black "Nbk90"]
[Result "1-0"]
[WhiteElo "2400"]
[BlackElo "2113"]
[TimeControl "180+1"]
[EndTime "8:22:47 PDT"]
[Termination "jimmy-schlumpf won by resignation"]

1. Nf3 b6 2. g3 Bb7 3. Bg2 c5 4. c4 g6 5. Nc3 Bg7 6. O-O Nf6 7.
Re1 O-O 8. e4 d6 9. d4 cxd4 10.
Nxd4 Nc6 11. Nxc6 Bxc6 12. e5 1-0

[Event "Early-Titled-Tuesday-Blitz-August-29-2023"]
[Site "Chess.com"]
[Date "2023.08.29"]
[Round "3"]
[White "Mops_2004"]
[Black "Caterpiller35"]
[Result "1-0"]
[WhiteElo "2792"]
[BlackElo "2493"]
[TimeControl "180+1"]
[EndTime "8:23:24 PDT"]
[Termination "Mops_2004 won by resignation"]

1. Nf3 Nf6 2. g3 e6 3. Bg2 d5 4.
O-O Be7 5. d3 O-O 6. Bf4 c5 7. a4 Nc6 8. e4 dxe4 9. dxe4 Nxe4 10. Ne5 Nxe5 11. Bxe5 Nf6 12. Nc3 Qa5 13. Qe1 Qb4 14. a5 Ng4 15. Ra4 Qxb2 16. Rxg4 f6 17. Nd5 Qxe5 18. Qxe5 fxe5 19. Nxe7+ Kf7 20. Nxc8 1-0

[Event "Early-Titled-Tuesday-Blitz-August-29-2023"]
[Site "Chess.com"]
[Date "2023.08.29"]
[Round "3"]
[White "SHIVACalypso"]
[Black "Bauman_Guy"]
[Result "0-1"]
[WhiteElo "2505"]
[BlackElo "2807"]
[TimeControl "180+1"]
[EndTime "8:23:48 PDT"]
[Termination "Bauman_Guy won by resignation"]

1. Nf3 d5 2. c4 c6 3. g3 Nf6 4. Bg2 Bg4 5. O-O Nbd7 6. d4 e6 7. Nc3 Bd6 8. Nd2 O-O 9. h3 Bh5 10. g4 Bg6 11. e4 dxe4 12. Ndxe4 Be7 13. Bf4 Nxe4 14. Nxe4 Nf6 15. Nxf6+ Bxf6 16. Be5 Bxe5 17. dxe5 Qb6 18. b3 Rad8 19. Qf3 Rd3 20. Qf4 Rfd8 21.
h4 R8d4 22. Qg5 h6 23. Qe7 Rxg4 24. Rad1 Qd4 25. Rxd3 Qxd3 26. Qd6 Qf3 0-1

[Event "Early-Titled-Tuesday-Blitz-August-29-2023"]
[Site "Chess.com"]
[Date "2023.08.29"]
[Round "3"]
[White "sokidze"]
[Black "kuanysh1981"]
[Result "1-0"]
[WhiteElo "2774"]
[BlackElo "2483"]
[TimeControl "180+1"]
[EndTime "8:23:58 PDT"]
[Termination "sokidze won by resignation"]

1. e4 c5 2. Nf3 e6 3. d4 cxd4 4. Nxd4 a6 5. c4 Qc7 6. Nc3 f6 7. Be2 Bb4 8. O-O Bxc3 9. bxc3 Ne7 10. Ba3 d6 11. Nb3 d5 12. cxd5 exd5 13. exd5 Nf5 14. d6 1-0

[Event "Early-Titled-Tuesday-Blitz-August-29-2023"]
[Site "Chess.com"]
[Date "2023.08.29"]
[Round "3"]
[White "BigAl"]
[Black "albi1999"]
[Result "0-1"]
[WhiteElo "2466"]
[BlackElo "2674"]
[TimeControl "180+1"]
[EndTime "8:24:16 PDT"]
[Termination "albi1999 won by resignation"]

1. Nf3 Nf6 2. g3 b6 3. Bg2 Bb7 4. O-O c5 5. d3 d5 6. a4 a6 7.
Nbd2 g6 8. e4 dxe4 9. Ng5 Bg7 10.
Ngxe4 Nxe4 11. dxe4 O-O 12. Qe2 Nc6 13. c3 a5 14. Rd1 Ba6 15. Qe3 Ne5 16. f4 Ng4 17.
Qf3 Bd4+ 18. cxd4 Qxd4+ 19. Kh1 Nf2+ 20. Qxf2 Qxf2 0-1

[Event "Early-Titled-Tuesday-Blitz-August-29-2023"]
[Site "Chess.com"]
[Date "2023.08.29"]
[Round "3"]
[White "Lady_Nika"]
[Black "kidagent"]
[Result "1-0"]
[WhiteElo "2460"]
[BlackElo "2277"]
[TimeControl "180+1"]
[EndTime "8:24:21 PDT"]
[Termination "Lady_Nika won by resignation"]

1. e4 c5 2. Nc3 Nc6 3. g3 g6 4. Bg2 Bg7 5. d3 e6 6. f4 Nge7 7. Nf3 d5 8. e5 O-O 9. O-O h5 10.
h3 Nf5 11. g4 hxg4 12. hxg4 Ng3 13. Re1 d4 14. Ne4 Nxe4 15. Rxe4 Ne7 16. g5 Nd5 17. Nh2 b5 18. Ng4 Bb7 19. Qe1 Ne7 20. Qh4 Nf5 21. Qh3 Bxe4 22. dxe4 Ne7 23. Nf6+ Bxf6 24. gxf6 1-0

[Event "Early-Titled-Tuesday-Blitz-August-29-2023"]
[Site "Chess.com"]
[Date "2023.08.29"]
[Round "3"]
[White "colegiodemadrid"]
[Black "Larina_Maria"]
[Result "1-0"]
[WhiteElo "2426"]
[BlackElo "2217"]
[TimeControl "180+1"]
[EndTime "8:24:26 PDT"]
[Termination "colegiodemadrid won by resignation"]

1. e4 c6 2. d4 d5 3. e5 Bf5 4. h4 h5 5. Bd3 Bxd3 6. Qxd3 e6 7.
Bg5 Be7 8. Nf3 Nh6 9. Nbd2 Nf5 10. Nf1 Qb6 11. Ne3 Qxb2 12. O-O Qb5 13. Qd2 g6 14. Nxf5 gxf5 15. Bxe7 Kxe7 16. Qg5+ Kd7 17. Qg7 Re8 18.
Qxf7+ Re7 19. Qxh5 Na6 20. Rab1 Qe2 21. Rxb7+ Nc7 22.
Qg5 Qxc2 23. Rxc7+ Kxc7 24. Qxe7+ Kb6 25. Qxe6 Rg8 26. Qxg8 1-0

[Event "Early-Titled-Tuesday-Blitz-August-29-2023"]
[Site "Chess.com"]
[Date "2023.08.29"]
[Round "3"]
[White "KorolDimitriy75"]
[Black "Vaibhavraut99"]
[Result "1/2-1/2"]
[WhiteElo "2353"]
[BlackElo "2565"]
[TimeControl "180+1"]
[EndTime "8:24:52 PDT"]
[Termination "Game drawn by repetition"]

1. d4 Nf6 2. c4 e6 3. Nc3 Bb4 4.
Qc2 d5 5. cxd5 Nxd5 6. Nf3 O-O 7. e4 Nxc3 8. bxc3 Be7 9. Bd3 c5 10. e5 h6 11. Qe2 Qd5 12. c4 Qc6 13. Be4 Qa6 14. Bd3 Qc6 15. Be4 Qa6 16. Bd3 Qc6 1/2-1/2

[Event "Early-Titled-Tuesday-Blitz-August-29-2023"]
[Site "Chess.com"]
[Date "2023.08.29"]
[Round "3"]
[White "Legendinunknown"]
[Black "nihalsarin"]
[Result "0-1"]
[WhiteElo "2811"]
[BlackElo "3142"]
[TimeControl "180+1"]
[EndTime "8:24:57 PDT"]
[Termination "nihalsarin won by resignation"]

1. d4 Nf6 2. c4 e6 3. Nc3 Bb4 4. f3 O-O 5. e4 d5 6. cxd5 exd5 7. e5 Nfd7 8. f4 c5 9. Nf3 Nc6 10. a3 Ba5 11. Be3 cxd4 12. Nxd4 Re8 13. Be2 Bb6 14. Qd2 Ndxe5 15. fxe5 Nxd4 16. Bxd4 Qh4+ 17. g3 Qxd4 18. O-O-O Qxd2+ 19. Kxd2 Rxe5 20. Bf3 Be3+ 21. Kc2 Bf5+ 22. Kb3 d4 23. Ne2 Rc8 24. Nxd4 Bxd4 25. Rxd4 Re3+ 26. Ka2 Rxf3 27. Rhd1 Be6+ 28. Kb1 g6 0-1

[Event "Early-Titled-Tuesday-Blitz-August-29-2023"]
[Site "Chess.com"]
[Date "2023.08.29"]
[Round "3"]
[White "BahadirOzen"]
[Black "Chessbard1972"]
[Result "1/2-1/2"]
[WhiteElo "2809"]
[BlackElo "2548"]
[TimeControl "180+1"]
[EndTime "8:24:58 PDT"]
[Termination "Game drawn by repetition"]

1. g3 Nf6 2. Bg2 g6 3. Nf3 Bg7 4.
O-O O-O 5. d4 d6 6. Nbd2 Nbd7 7.
e4 e5 8. dxe5 dxe5 9. b3 Qe7 10.
a4 Re8 11. Ba3 Qd8 12. Re1 b6 13. Nc4 Bb7 14. Nfd2 h6 15. Qe2 Kh7 16. Rad1 Qc8 17. Bh3 Qb8 18. f3 Nf8 19. Bb2 Nh5 20. Bg4 Nf6 21.
Bh3 Nh5 22. Bg4 Nf6 23. Bh3 1/2-1/2

[Event "Early-Titled-Tuesday-Blitz-August-29-2023"]
[Site "Chess.com"]
[Date "2023.08.29"]
[Round "3"]
[White "MetiForce"]
[Black "ural58"]
[Result "1-0"]
[WhiteElo "2899"]
[BlackElo "2515"]
[TimeControl "180+1"]
[EndTime "8:25:02 PDT"]
[Termination "MetiForce won by resignation"]

1. c4 e5 2. Nc3 Nf6 3. Nf3 e4 4. Ng5 c6 5. Qa4 Qe7 6. Qc2 b5 7. cxb5 d5 8. e3 h6 9. Nh3 Bxh3 10. gxh3 c5 11. d3 exd3 12. Qxd3 Qe6 13. Bg2 c4 14. Nxd5 Bb4+ 15. Bd2 cxd3 16. Nc7+ Kd7 17. Nxe6 Bxd2+ 18. Kxd2 Kxe6 19. Bxa8 Nbd7 20. Bc6 Ne5 21. Rac1 Rd8 22. Rc3 Nxc6 23. Rxc6+ Ke5 24. f3 Rd5 25. a4 1-0

[Event "Early-Titled-Tuesday-Blitz-August-29-2023"]
[Site "Chess.com"]
[Date "2023.08.29"]
[Round "3"]
[White "enriquebutti"]
[Black "Beca95"]
[Result "0-1"]
[WhiteElo "2243"]
[BlackElo "2963"]
[TimeControl "180+1"]
[EndTime "8:25:08 PDT"]
[Termination "Beca95 won by resignation"]

1. d4 h5 2. h4 a5 3. e4 c6 4. Nc3 Na6 5. Be2 g6 6. Nf3 Nc7 7.
Bg5 b5 8. Qd2 Bg7 9. e5 Nh6 10.
Bd3 Ne6 11. Ne2 d5 12. c3 Ba6 13. a4 bxa4 14. Rxa4 Bxd3 15. Qxd3 Nf5 16. O-O Rb8 17. Ra2 O-O 18. Qd2 c5 19. Ng3 Nxg3 20. fxg3 cxd4 21. cxd4 Rb4 22. Be3 Qb6 23. Rfa1 Rb8 24. Rxa5 Rxb2 25. Qd3 Qc6 26. Ra7 R8b3 0-1

[Event "Early-Titled-Tuesday-Blitz-August-29-2023"]
[Site "Chess.com"]
[Date "2023.08.29"]
[Round "3"]
[White "ArtemDyachuk"]
[Black "Guzman70"]
[Result "1-0"]
[WhiteElo "2583"]
[BlackElo "2372"]
[TimeControl "180+1"]
[EndTime "8:25:17 PDT"]
[Termination "ArtemDyachuk won by resignation"]

1. e4 e6 2. d4 d5 3. e5 c5 4. c3 Nc6 5. Nf3 Bd7 6. Be2 Nge7 7. Na3 Ng6 8. Nc2 cxd4 9. cxd4 Rc8 10. O-O Nb4 11. Nxb4 Bxb4 12. Be3 O-O 13. Bd3 f6 14. Qb3 Be7 15. Rac1 fxe5 16. Bxg6 exd4 17. Bxh7+ Kxh7 18. Bxd4 b6 19. Ne5 Be8 20. Qh3+ Kg8 21. Qxe6+ 1-0

[Event "Early-Titled-Tuesday-Blitz-August-29-2023"]
[Site "Chess.com"]
[Date "2023.08.29"]
[Round "3"]
[White "Vsevolod_Ovchinnikov"]
[Black "jasrom"]
[Result "1-0"]
[WhiteElo "2609"]
[BlackElo "2419"]
[TimeControl "180+1"]
[EndTime "8:25:21 PDT"]
[Termination "Vsevolod_Ovchinnikov won by resignation"]

1. d4 d5 2. c4 e6 3. Nf3 c6 4. Nbd2 f5 5. g3 Nf6 6. Bg2 g6 7. O-O Bg7 8. b4 O-O 9. Rb1 a6 10. a4 Ne4 11. Qc2 b5 12. axb5 axb5 13. cxd5 cxd5 14.
Nb3 Nd7 15. Bf4 Qe7 16. Nc5 Nb6 17.
Be5 Nc4 18. Bxg7 Kxg7 19. Ra1 Bd7 20. e3 Qd6 21. Rfc1 h6 22. Ne1 g5 23. Ned3 Be8 24. Rxa8 1-0

[Event "Early-Titled-Tuesday-Blitz-August-29-2023"]
[Site "Chess.com"]
[Date "2023.08.29"]
[Round "3"]
[White "Miguelitro69"]
[Black "jaskol95"]
[Result "0-1"]
[WhiteElo "2296"]
[BlackElo "2555"]
[TimeControl "180+1"]
[EndTime "8:25:26 PDT"]
[Termination "jaskol95 won by checkmate"]

1. e4 d5 2. exd5 Nf6 3. d4 Bg4 4. f3 Bf5 5. c4 e6 6. dxe6 Nc6 7. exf7+ Kxf7 8. d5 Nb4 9. Nc3 Nc2+ 10. Kd2 Nxa1 11. Bd3 Bxd3 12. Kxd3 c6 13. Bg5 cxd5 14. Qxa1 dxc4+ 15. Ke2 Qd3+ 16. Kf2 Bc5+ 17. Kg3 Qg6 18. h4 h6 19. Qc1 hxg5 20. Nh3 gxh4+ 21. Kf4 Qg3+ 22. Kf5 g6# 0-1

[Event "Early-Titled-Tuesday-Blitz-August-29-2023"]
[Site "Chess.com"]
[Date "2023.08.29"]
[Round "3"]
[White "druskacik"]
[Black "mikerahal"]
[Result "1-0"]
[WhiteElo "2691"]
[BlackElo "2312"]
[TimeControl "180+1"]
[EndTime "8:25:31 PDT"]
[Termination "druskacik won by resignation"]

1. c4 c5 2. g3 g6 3. Bg2 Bg7 4. Nc3 d6 5. Nf3 Nc6 6. b3 e5 7. O-O Nge7 8. Ne1 O-O 9. Nc2 Be6 10. Ne3 Qd7 11. Re1 f5 12. Ned5 g5 13. d3 f4 14. e3 Ng6 15. Qh5 Qd8 16. Ne4 g4 17.
Ng5 h6 18. Nxe6 Qe8 19. Nxf8 1-0

[Event "Early-Titled-Tuesday-Blitz-August-29-2023"]
[Site "Chess.com"]
[Date "2023.08.29"]
[Round "3"]
[White "Verony64"]
[Black "maksimys18"]
[Result "1-0"]
[WhiteElo "2288"]
[BlackElo "2518"]
[TimeControl "180+1"]
[EndTime "8:25:37 PDT"]
[Termination "Verony64 won by resignation"]

1. e4 e6 2. Nc3 d5 3. e5 d4 4. Nce2 c5 5. d3 Nc6 6. f4 f6 7.
Nf3 fxe5 8. fxe5 Nge7 9. Nf4 Nd5 10. Qe2 Be7 11. g3 O-O 12. Bg2 b6 13. O-O Bb7 14. Nxe6 Qd7 15. Nxf8 Rxf8 16. Bg5 Bxg5 17. Nxg5 Rxf1+ 18. Rxf1 h6 19. e6 Qe7 20. Bxd5 hxg5 21. Qe4 Nd8 22.
Bxb7 Qxb7 23. e7 Qxe4 24. exd8=Q+ 1-0

[Event "Early-Titled-Tuesday-Blitz-August-29-2023"]
[Site "Chess.com"]
[Date "2023.08.29"]
[Round "3"]
[White "Anton_Demchenko"]
[Black "fastestmindalive"]
[Result "1-0"]
[WhiteElo "2937"]
[BlackElo "2718"]
[TimeControl "180+1"]
[EndTime "8:25:43 PDT"]
[Termination "Anton_Demchenko won by checkmate"]

1. e4 c5 2. Nf3 e6 3. d4 cxd4 4. Nxd4 Bc5 5. Be3 Qb6 6. b4 Bxb4+ 7. c3 Bc5 8. Nd2 d5 9. Rb1 Qc7 10. Qg4 e5 11. Nb5 Bxg4 12. Nxc7+ Kd8 13. Nxa8 Bxe3 14.
fxe3 b6 15. a4 Kc8 16. a5 Kb7 17. axb6 Kxa8 18. b7# 1-0

[Event "Early-Titled-Tuesday-Blitz-August-29-2023"]
[Site "Chess.com"]
[Date "2023.08.29"]
[Round "3"]
[White "Inepton_Fermion"]
[Black "Speshka"]
[Result "1-0"]
[WhiteElo "2386"]
[BlackElo "2567"]
[TimeControl "180+1"]
[EndTime "8:25:45 PDT"]
[Termination "Inepton_Fermion won by checkmate"]

1. Nf3 Nf6 2. b3 g6 3. Bb2 Bg7 4. g3 O-O 5. Bg2 d6 6. d4 a5 7. a3 a4 8. b4 b5 9. Nbd2 Bb7 10.
c4 Nbd7 11. cxb5 Nb6 12. e3 Qe8 13. Qe2 e5 14. dxe5 Ng4 15. O-O Nxe5 16. Rac1 Nxf3+ 17. Nxf3 Bxb2 18. Qxb2 Qxb5 19. Nd4 Qa6 20. b5 Qa7 21. Rxc7 Rab8 22. Nc6 Qa8 23. Ne7# 1-0

[Event "Early-Titled-Tuesday-Blitz-August-29-2023"]
[Site "Chess.com"]
[Date "2023.08.29"]
[Round "3"]
[White "RAMBO1STBLOOD"]
[Black "masterofpuppets2"]
[Result "0-1"]
[WhiteElo "2255"]
[BlackElo "2444"]
[TimeControl "180+1"]
[EndTime "8:25:46 PDT"]
[Termination "masterofpuppets2 won by checkmate"]

1. e4 c5 2. Nc3 Nc6 3. Bb5 Nd4 4. Bc4 e6 5. Nge2 Nf6 6. O-O d5 7. exd5 exd5 8. Nxd5 Nxd5 9. Nxd4 cxd4 10. Qh5 Be6 11. Re1 Qd7 12. Bxd5 O-O-O 13. Bxe6 fxe6 14. Qg4 Re8 15. d3 Bd6 16. Bf4 e5 17. Qxd7+ Kxd7 18. Bg3 Ke6 19.
Bxe5 Bxe5 20. f4 Kd5 21. Rxe5+ Rxe5 22. fxe5 Kxe5 23. Re1+ Kd6 24. Re4 Kd5 25. Re7 Rc8 26. Rxg7 Rxc2 27. Rxb7 Rd2 28. Rb3 Ke5 29. Kf1 Kf4 30.
Rb7 Ke3 31. Rxh7 Rd1# 0-1

[Event "Early-Titled-Tuesday-Blitz-August-29-2023"]
[Site "Chess.com"]
[Date "2023.08.29"]
[Round "3"]
[White "CADMartin"]
[Black "lefonghua"]
[Result "0-1"]
[WhiteElo "2463"]
[BlackElo "2670"]
[TimeControl "180+1"]
[EndTime "8:25:57 PDT"]
[Termination "lefonghua won by resignation"]

1. e3 Nf6 2. Nf3 g6 3. b3 Bg7 4. Bb2 O-O 5. Be2 c5 6. O-O Nc6 7. c4 d6 8. Nc3 a6 9. Rc1 Rb8 10. h3 Ne4 11. Qc2 Nxc3 12. Bxc3 e5 13. Rfd1 Bf5 14. Qb2 b5 15. cxb5 axb5 16. d4 b4 17. Be1 exd4 18. exd4 Nxd4 19. Nxd4 Bxd4 20. Rxd4 cxd4 21. Qxd4 Qe7 22. Bc4 Qe5 23. Qh4 Be6 24. Bf1 Qb2 25. Rd1 Qxa2 26. Qf6 Qxb3 27. Rc1 Qd5 28. Rb1 Qf5 29. Qxf5 Bxf5 30. Rxb4 Rxb4 31. Bxb4 Rb8 0-1

[Event "Early-Titled-Tuesday-Blitz-August-29-2023"]
[Site "Chess.com"]
[Date "2023.08.29"]
[Round "3"]
[White "CrazyAdvenTures"]
[Black "Sinquefield"]
[Result "0-1"]
[WhiteElo "2681"]
[BlackElo "2432"]
[TimeControl "180+1"]
[EndTime "8:26:01 PDT"]
[Termination "Sinquefield won by resignation"]

1. e4 e6 2. b3 d5 3. Bb2 dxe4 4. Nc3 Nf6 5. Qe2 Nc6 6. Nxe4 Nxe4 7. Qxe4 Qd5 8. Qe3 Bc5 9. Qg3 Bd4 10. O-O-O Bxb2+ 11. Kxb2 O-O 12. d4 b5 13. Ne2 b4 14. Nf4 Qa5 15. d5 Ne7 16. dxe6 Bxe6 17. Nxe6 fxe6 18.
Bc4 Nd5 19. Qe5 Qa3+ 20. Ka1 Nc3 21. Qxe6+ Kh8 22. Qa6 Qxa6 23. Bxa6 Rxf2 24. Rd7 Rxc2 0-1

[Event "Early-Titled-Tuesday-Blitz-August-29-2023"]
[Site "Chess.com"]
[Date "2023.08.29"]
[Round "3"]
[White "Aswathchess"]
[Black "Hope_6"]
[Result "1-0"]
[WhiteElo "2496"]
[BlackElo "2727"]
[TimeControl "180+1"]
[EndTime "8:26:03 PDT"]
[Termination "Aswathchess won by resignation"]

1. d4 d5 2. c4 dxc4 3. Nf3 Nf6 4. e3 e6 5. Bxc4 c5 6. O-O a6 7. a4 cxd4 8. Nxd4 Be7 9. Nc3 O-O 10. Qe2 b6 11.
Rd1 Qc7 12. b3 Bb7 13. Bb2 Nc6 14. Rac1 Rfd8 15. Nxc6 Qxc6 16. f3 Qc5 17. Qf2 Qg5 18. Ne2 Bc5 19. Bd4 b5 20. h4 Qf5 21. Bd3 Rxd4 22.
exd4 Qd5 23. dxc5 Qxb3 24. c6 Bc8 25. Bc4 1-0

[Event "Early-Titled-Tuesday-Blitz-August-29-2023"]
[Site "Chess.com"]
[Date "2023.08.29"]
[Round "3"]
[White "musclemonster12"]
[Black "Truequitos"]
[Result "0-1"]
[WhiteElo "2571"]
[BlackElo "2397"]
[TimeControl "180+1"]
[EndTime "8:26:06 PDT"]
[Termination "Truequitos won by resignation"]

1. Nf3 Nf6 2. c4 d6 3. Nc3 e5 4. e4 g6 5. d4 exd4 6. Nxd4 Bg7 7. Be2 O-O 8. O-O Re8 9. f3 Nc6 10. Nxc6 bxc6 11. Bg5 Rb8 12. Qd2 Ba6 13. Rad1 Qc8 14. b3 Nh5 15. f4 Nf6 16. Bf3 Nd7 17. Rfe1 Nc5 18. Bh4 Ne6 19. Bf2 Bh6 20. g3 Qb7 21. h4 Qb4 22. Qc2 Bg7 23. Rd4 Nxd4 0-1

[Event "Early-Titled-Tuesday-Blitz-August-29-2023"]
[Site "Chess.com"]
[Date "2023.08.29"]
[Round "3"]
[White "Maili15"]
[Black "tk22h"]
[Result "1-0"]
[WhiteElo "2343"]
[BlackElo "2464"]
[TimeControl "180+1"]
[EndTime "8:26:11 PDT"]
[Termination "Maili15 won by resignation"]

1. e4 e5 2. Nf3 Nc6 3. Bb5 a6 4. Ba4 Nf6 5. O-O Be7 6. d3 d6 7. h3 b5 8. Bb3 O-O 9. c3 Na5 10. Bc2 c5 11. Re1 Nc6 12. Nbd2 h6 13. Nf1 Re8 14.
a4 Rb8 15. axb5 axb5 16. Ng3 Bf8 17. Nh4 Nxe4 18. Rxe4 d5 19. Rg4 Bxg4 20. Qxg4 g6 21. Nxg6 fxg6 22. Qxg6+ Bg7 23. Bxh6 Qf6 24. Qxf6 Bxf6 25.
Ra6 Rec8 26. Bb3 Kh7 27. Bxd5 Kxh6 28. Bxc6 Kg7 29. Be4 b4 30. Nh5+ Kf7 31. Rxf6+ Ke7 32. Rf5 bxc3 33. bxc3 Kd6 34. c4 1-0

[Event "Early-Titled-Tuesday-Blitz-August-29-2023"]
[Site "Chess.com"]
[Date "2023.08.29"]
[Round "3"]
[White "Orest_Vovk"]
[Black "campochess"]
[Result "1-0"]
[WhiteElo "2536"]
[BlackElo "2191"]
[TimeControl "180+1"]
[EndTime "8:26:14 PDT"]
[Termination "Orest_Vovk won by resignation"]

1. e4 c5 2. Nf3 Nc6 3. Bb5 e5 4. Bxc6 dxc6 5. O-O f6 6. d3 Bd6 7. a4 Ne7 8. Na3 O-O 9. Nc4 Bc7 10. Nh4 b5 11. Ne3 b4 12. Nef5 Nxf5 13. Nxf5 Bxf5 14. exf5 Qd7 15. Be3 Bd6 16. Qf3 Rad8 17. Qe4 Be7 18. a5 Qd5 19. a6 Qxe4 20. dxe4 Rd7 21. Ra5 Rc8 22. Bxc5 Bxc5 23. Rxc5 Rd2 24. b3 Re2 25. f3 Rd8 26. Kh1 Rdd2 27. Rg1 Rxc2 28. Rxc2 Rxc2 29. h4 h5 30. Rd1 Rc3 31. Rd8+ Kh7 32. Rd7 Rxb3 33.
Rxa7 Ra3 34. Rb7 Rxa6 35. Rxb4 Ra1+ 36. Kh2 Rc1 37. Rb8 c5 38. Rc8 g6 39. Rc7+ Kh6 40. Rf7 gxf5 41. Rxf6+ Kg7 42. Rxf5 c4 43. Rxe5 c3 44. Rxh5 Rd1 45. Rc5 Rd3 46. h5 1-0

[Event "Early-Titled-Tuesday-Blitz-August-29-2023"]
[Site "Chess.com"]
[Date "2023.08.29"]
[Round "3"]
[White "zurzan"]
[Black "KVAIDAN"]
[Result "0-1"]
[WhiteElo "2079"]
[BlackElo "2383"]
[TimeControl "180+1"]
[EndTime "8:26:14 PDT"]
[Termination "KVAIDAN won by resignation"]

1. d4 e6 2. Nc3 Bb4 3. Qd3 d5 4. a3 Bxc3+ 5. Qxc3 Nf6 6. Bg5 Nbd7 7. Nf3 h6 8. Bh4 g5 9. Bg3 c5 10. O-O-O Ne4 11.
Qe3 c4 12. Ne5 c3 13. f3 Qb6 14. Nd3 cxb2+ 15. Nxb2 Nd6 16. Bxd6 Qxd6 17. Qb3 O-O 18. Nd3 b6 19. e4 Ba6 20. e5 Qc7 21. Nb4 Bc4 22. Bxc4 dxc4 23. Qc3 b5 24. d5 a5 25.
d6 Qb6 26. Na2 Rfb8 27. Qd4 Nc5 28. Kd2 Nb3+ 0-1

[Event "Early-Titled-Tuesday-Blitz-August-29-2023"]
[Site "Chess.com"]
[Date "2023.08.29"]
[Round "3"]
[White "bipe137"]
[Black "AleksandraMilovic"]
[Result "1/2-1/2"]
[WhiteElo "2408"]
[BlackElo "2080"]
[TimeControl "180+1"]
[EndTime "8:26:19 PDT"]
[Termination "Game drawn - insufficient material"]

1. d4 d5 2. c4 e6 3. Nc3 Nf6 4. cxd5 exd5 5. Bg5 Be7 6. e3 c6 7. Bd3 Nbd7 8. Nge2 h6 9. Bh4 Nh5 10. Bxe7 Qxe7 11. g4 Nhf6 12. Ng3 Nb6 13. h3 g6 14. Qf3 Bd7 15. O-O-O O-O-O 16. Kb1 Rde8 17. Rc1 Kb8 18. Rhe1 Nc8 19. Na4 Nd6 20. Nc5 Nfe4 21. Bxe4 Nxe4 22. Ngxe4 dxe4 23. Qf4+ Ka8 24. Qc7 Be6 25. Qxe7 Rxe7 26.
Nxe4 Bxg4 27. hxg4 Rxe4 28. f3 Re7 29. Kc2 h5 30. Rh1 Rxe3 31. gxh5 gxh5 32. Rcg1 a6 33. Rg5 Rxf3 34. Rgxh5 Rxh5 35. Rxh5 Re3 36. d5 cxd5 37.
Rxd5 Re7 38. a4 Kb8 39. a5 Kc8 40. b4 Rd7 41. Rh5 Kd8 42. Kc3 Ke7 43. Kc4 Ke6 44. Kc5 f5 45. Rh8 Ke5 46. Re8+ Kf4 47. b5 axb5 48.
Kxb5 Kg3 49. Kb6 f4 50. Rg8+ Kf2 51. Rb8 f3 52. Rxb7 Rxb7+ 53. Kxb7 Ke2 54. a6 f2 55. a7 f1=Q 56. a8=Q Qh1+ 57. Kb8 Qxa8+ 58. Kxa8 1/2-1/2

[Event "Early-Titled-Tuesday-Blitz-August-29-2023"]
[Site "Chess.com"]
[Date "2023.08.29"]
[Round "3"]
[White "DreamsAreFake"]
[Black "Elsa167"]
[Result "1-0"]
[WhiteElo "2654"]
[BlackElo "2869"]
[TimeControl "180+1"]
[EndTime "8:26:22 PDT"]
[Termination "DreamsAreFake won on time"]

1. e4 c5 2. Nf3 d6 3. Bb5+ Nd7 4.
O-O a6 5. Bd3 Ngf6 6. Re1 g6 7.
c3 Bg7 8. Bc2 O-O 9. a4 b6 10.
d4 cxd4 11. cxd4 Bb7 12. Nc3 Rc8 13. h3 Rc7 14. Bf4 Qa8 15. Qd2 Rcc8 16. Rac1 Rfe8 17. Bb1 e5 18. Bh6 exd4 19. Nxd4 Bxh6 20. Qxh6 Nxe4 21. Bxe4 Bxe4 22. f3 Bb7 23. Qg5 Re5 24. Rxe5 dxe5 25. Nf5 Kh8 26. Rd1 gxf5 27. Rxd7 Rc6 28.
Rd8+ 1-0

[Event "Early-Titled-Tuesday-Blitz-August-29-2023"]
[Site "Chess.com"]
[Date "2023.08.29"]
[Round "3"]
[White "Mesa_1"]
[Black "Khromkin"]
[Result "1-0"]
[WhiteElo "2570"]
[BlackElo "2331"]
[TimeControl "180+1"]
[EndTime "8:26:22 PDT"]
[Termination "Mesa_1 won by resignation"]

1. Nf3 c5 2. e4 Nc6 3. c3 d5 4.
exd5 Qxd5 5. d4 Bg4 6. dxc5 Qxd1+ 7. Kxd1 Nf6 8. Be3 g6 9. Nd2 Bg7 10. h3 Bf5 11. g4 Bd7 12. Nd4 Nd5 13. Nxc6 Bxc6 14. Rg1 Nxe3+ 15. fxe3 O-O-O 16. Kc2 h5 17. Bg2 hxg4 18. Bxc6 bxc6 19. hxg4 Rh2 20. Rad1 Re2 21. Rg3 Be5 22. Rf3 f6 23. Kc1 Rg2 24. Nc4 Rxd1+ 25. Kxd1 Bc7 26. Rh3 Rxg4 27. b3 g5 28. Rh8+ Kd7 29.
Ra8 Rg1+ 30. Ke2 g4 31. Rxa7 g3 32. Nb6+ Ke6 33. Rxc7 Rg2+ 34. Kf3 Rxa2 35. Rxc6+ 1-0

[Event "Early-Titled-Tuesday-Blitz-August-29-2023"]
[Site "Chess.com"]
[Date "2023.08.29"]
[Round "3"]
[White "Msb2"]
[Black "lamomiajunior"]
[Result "1-0"]
[WhiteElo "3029"]
[BlackElo "2800"]
[TimeControl "180+1"]
[EndTime "8:26:23 PDT"]
[Termination "Msb2 won by resignation"]

1. d4 d5 2. c4 c6 3. Nf3 Nf6 4. Nc3 e6 5. Qc2 Be7 6. e4 dxe4 7. Nxe4 Nxe4 8. Qxe4 Nd7 9. Bd3 Nf6 10. Qe2 Bb4+ 11.
Bd2 Bxd2+ 12. Qxd2 O-O 13. O-O b6 14. Rad1 Bb7 15.
Qe3 Qc7 16. c5 Rad8 17. h3 Rfe8 18. Rfe1 h6 19. Ne5 bxc5 20. dxc5 Nd5 21. Qf3 Qe7 22. Rc1 a5 23. Bb1 Nf6 24. Qe3 Rd5 25. a3 Red8 26. b4 axb4 27. axb4 Rd2 28. Nd3 R2xd3 29.
Bxd3 Nd5 30. Qe4 Nf6 31. Qf3 Rd4 32. Bc4 Nd5 33. Bxd5 Rxd5 34. b5 Rxc5 35. Qa3 Rxc1 36. Qxe7 Rxe1+ 37. Kh2 1-0

[Event "Early-Titled-Tuesday-Blitz-August-29-2023"]
[Site "Chess.com"]
[Date "2023.08.29"]
[Round "3"]
[White "skkeyan1309"]
[Black "Iunusovnuriddin"]
[Result "1-0"]
[WhiteElo "2684"]
[BlackElo "2303"]
[TimeControl "180+1"]
[EndTime "8:26:31 PDT"]
[Termination "skkeyan1309 won by checkmate"]

1. d4 Nf6 2. c4 g6 3. Nc3 Bg7 4. e4 d6 5. Be2 O-O 6. Be3 e5 7. d5 Na6 8. h4 Nc5 9. Qc2 a5 10. h5 Bd7 11. O-O-O a4 12. Kb1 Ng4 13. Bxg4 Bxg4 14.
f3 Bd7 15. hxg6 fxg6 16. Nh3 b5 17. Bxc5 dxc5 18. Nxb5 Rf4 19. d6 Bxb5 20. cxb5 cxd6 21. Qc4+ Kh8 22. Nxf4 exf4 23. Rxh7+ Kxh7 24. Rh1+ Bh6 25. Qf7+ Kh8 26. Rxh6# 1-0

[Event "Early-Titled-Tuesday-Blitz-August-29-2023"]
[Site "Chess.com"]
[Date "2023.08.29"]
[Round "3"]
[White "Vesper2018"]
[Black "VSanduleac"]
[Result "1/2-1/2"]
[WhiteElo "2599"]
[BlackElo "2421"]
[TimeControl "180+1"]
[EndTime "8:26:31 PDT"]
[Termination "Game drawn by agreement"]

1. e4 g6 2. d4 Bg7 3. Nc3 c6 4. f4 Qb6 5. Nf3 d5 6. e5 Bg4 7.
Be2 Nh6 8. Na4 Qa5+ 9. c3 Nd7 10. b4 Qc7 11. Nc5 Nxc5 12. bxc5 b6 13. Ba3 Bxf3 14. Bxf3 e6 15. g4 Bf8 16. cxb6 axb6 17.
Bxf8 Kxf8 18. O-O Kg7 19. a4 Rhc8 20. Qd2 c5 21. c4 cxd4 22. cxd5 exd5 23. Qxd4 Ra5 24.
e6+ Kg8 25. Bxd5 Rd8 26. exf7+ Nxf7 27. Bxf7+ Kxf7 28. Qe3 Qc5 29. Qxc5 bxc5 30. f5 Rd4 31. h3 Raxa4 32. fxg6+ Kxg6 33. Rxa4 Rxa4 34. Kg2 1/2-1/2